 Dungeon Crawl Stone Soup version 0.27-a0-277-g024f7ef292 (webtiles) character file.

Game seed: 6028439145047176009

266 Borgoz the Skirmisher (level 6, -11/39 HPs)
             Began as a Gargoyle Berserker on Feb 6, 2021.
             Was a Believer of Trog.
             Mangled by Eustachio
             ... wielding a +3 rapier of electrocution
              (17 damage)
             ... on level 4 of the Dungeon.
             The game lasted 00:03:38 (4313 turns).

Borgoz the Skirmisher (Gargoyle Berserker)          Turns: 4313, Time: 00:03:39

Health: -11/39     AC:  0    Str: 20    XL:     6   Next: 20%
Magic:  6/6        EV: 15    Int:  8    God:    Trog [**....]
Gold:   226        SH:  0    Dex: 11    Spells: 5/5 levels left

rFire    . . .     SeeInvis .   (weapon currently unavailable)
rCold    . . .     Faith    .   (shield currently unavailable)
rNeg     + . .     Spirit   .   (armour currently unavailable)
rPois    ∞         Reflect  .   (helmet currently unavailable)
rElec    .         Harm     .   (cloak currently unavailable)
rCorr    .         Rampage  .   (gloves currently unavailable)
Will     .....                  (boots currently unavailable)
Stlth    +.........             (no amulet)
HPRegen  0.13/turn              (ring currently unavailable)
MPRegen  0.10/turn              (ring currently unavailable)

@: confused, pig-form, berserk cooldown, slowed
A: small, negative energy resistance 1, petrification resistance, miasma
immunity, AC +4
a: Renounce Religion, Berserk, Trog's Hand


You were on level 4 of the Dungeon.
You worshipped Trog.
Trog was pleased with you.
You were a filthy swine.
You visited 1 branch of the dungeon, and saw 4 of its levels.

You collected 226 gold pieces.

Inventory:

Hand Weapons
 a - a +0 mace (melded)
Armour
 b - a +0 animal skin (melded)
Jewellery
 l - a ring of positive energy (melded)
Scrolls
 c - 3 scrolls of identify {unknown}
 e - 2 scrolls of enchant weapon {unknown}
 g - 2 scrolls of teleportation {unknown}
 k - 2 scrolls of remove curse
 o - a scroll of fear {unknown}
Potions
 d - a potion of degeneration {unknown}
 f - a potion of berserk rage {unknown}
 h - a potion of magic {unknown}
 i - a potion of heal wounds {unknown}
 j - 2 potions of brilliance {unknown}
 m - a potion of ambrosia
 n - a potion of curing {unknown}
 p - a potion of lignification {unknown}
 q - a potion of attraction {unknown}


   Skills:
 + Level 4.6 Fighting
 + Level 4.2 Maces & Flails
 + Level 3.9 Armour
 + Level 2.9 Dodging


You had 5 spell levels left.
You didn't know any spells.
Your spell library was empty.

Dungeon Overview and Level Annotations

Branches:
Dungeon (4/15)
 Temple: D:4-7

Altars:
Ashenzari

Annotations:
D:4 1 runed translucent door, Eustachio; MartinH's ghost, novice TrBe


Innate Abilities, Weirdness & Mutations

You are resistant to torment.
((Your stone body is resilient. (AC +4)))
You are immune to poison.
You resist negative energy. (rN+)
((You are resistant to electric shocks. (rElec)))
((You can survive without breathing.))
You are immune to petrification.
You are immune to miasma.


Message History

The ufetubus hits you but does no damage. x2
Eustachio zaps a wand.
You turn into a filthy swine.
Your +0 mace melds into your body.
Your +0 animal skin melds into your body.
Your ring of positive energy melds into your body.
The ufetubus closely misses you. The ufetubus hits you.
* * * LOW HITPOINT WARNING * * *
The iron imp sputters.
The iron imp barely misses you.
Eustachio hits you with a +3 rapier of electrocution.
* * * LOW HITPOINT WARNING * * *
You barely miss the ufetubus. The ufetubus closely misses you.
The ufetubus hits you.
* * * LOW HITPOINT WARNING * * *
The ufetubus misses you. The ufetubus barely misses you.
The iron imp closely misses you.
Eustachio hits you with a +3 rapier of electrocution.
* * * LOW HITPOINT WARNING * * *
You are electrocuted!
You die...

#.......# .......#
######...
)W≈≈S+.#####
########.....#
#........<...#
#######...........##
#.....55..........#
...#.@h5b.######.###
#.###### #.# # #.#
#.# #.#


You could see Eustachio, an iron imp (summoned), a crimson imp (summoned), an
ufetubus (summoned) and a bat (summoned).

Vanquished Creatures
  A big kobold (D:3)
  A worker ant (D:3)
  A howler monkey skeleton (D:4)
  7 adders
  6 worms
  3 dart slugs
  10 orcs (D:3)
  2 ball pythons
  6 bats
  3 giant cockroaches
  4 goblins
  7 hobgoblins
  3 jackals (D:2)
  10 kobolds
  7 frilled lizards
  5 rats
76 creatures vanquished.

Notes
Turn   | Place    | Note
-------+----------+-------------------------------------------
     0 | D:1      | Borgoz the Gargoyle Berserker began the quest for the Orb.
     0 | D:1      | Reached XP level 1. HP: 14/14 MP: 1/1
   300 | D:1      | Reached XP level 2. HP: 19/19 MP: 2/2
  1269 | D:2      | Reached XP level 3. HP: 18/24 MP: 3/3
  1504 | D:2      | Reached XP level 4. HP: 14/29 MP: 4/4
  1504 | D:2      | Reached ** piety under Trog
  2927 | D:3      | HP: 1/43 [worm (5)]
  2930 | D:3      | Reached XP level 5. HP: 2/33 MP: 5/5
  3303 | D:3      | Found a broken altar of Ashenzari.
  4096 | D:3      | Noticed a big kobold
  4112 | D:3      | Killed a big kobold
  4113 | D:3      | Reached XP level 6. HP: 39/39 MP: 6/6
  4285 | D:4      | Found a runed translucent door.
  4285 | D:4      | Noticed MartinH's ghost (novice TrBe)
  4289 | D:4      | Noticed Eustachio
  4313 | D:4      | Mangled by Eustachio

Illustrated notes

Levels and vault maps discovered:
D:1:      elethiomel_arrival_quiet, layout_basic, amcnicky_mini_pool_small
D:2:      layout_basic, lemuel_statue_altar
D:3:      cheibrodos_thug_alley, layout_basic, cheibrodos_ashenzari_chains
D:4:      layout_rooms, lemuel_doored_altar, ebering_ghost_sewer_d,
          uniq_blork_the_orc, uniq_natasha, uniq_eustachio

Skill      XL: |  1  2  3  4  5 |
---------------+----------------+-----
Dodging        | 2 |  2.9
Armour         | 3 |  3.9
Fighting       | 4 |  4.6
Maces & Flails | 4 |  4.2

Action                   |  1- 3 |  4- 6 || total
-------------------------+-------+-------++-------
Melee: Mace              |    92 |   200 ||   292
       Unarmed           |       |     1 ||     1
Invok: Berserk           |     1 |     5 ||     6
  Use: Scroll            |       |     1 ||     1
       Potion            |       |     1 ||     1
 Stab: Sleeping          |     1 |     1 ||     2
Armor: Animal skin       |    51 |    84 ||   135
Dodge: Dodged            |    94 |   147 ||   241

Table legend: (Time is in decaauts)
 A = Elapsed time spent in this place.
 B = Non-inter-level travel time spent in this place.
 C = Inter-level travel time spent in this place.
 D = Time resting spent in this place.
 E = Time spent auto-exploring this place.
 F = Levels seen in this place.
 G = Mean time per level.
                   A        B        C        D        E       F      G
               +--------+--------+--------+--------+--------+-----+--------+
         Total |   4418 |   4249 |    169 |    926 |   2718 |   4 | 1104.5 |
       Dungeon |   4418 |   4249 |    169 |    926 |   2718 |   4 | 1104.5 |
               +--------+--------+--------+--------+--------+-----+--------+

Top non-repeatable levels by time:
     D:3: 1702 daAuts
     D:2: 1618 daAuts
     D:1: 1069 daAuts
     D:4: 27 daAuts
